 Dungeon Crawl Stone Soup version 0.31.0-11-ge490571c62 (webtiles) character file.

Game seed: 8975927556796803681

3104 SnakkuSnakku7 the Martial Artist (level 9, 0/66 (68) HPs)
             Began as a Merfolk Air Elementalist on Jan 31, 2024.
             Slain by a sky beast (6 damage)
             ... on level 7 of the Dungeon.
             The game lasted 00:13:53 (7494 turns).

SnakkuSnakku7 the Martial Artist (MfAE)             Turns: 7494, Time: 00:13:53

HP:   0/66 (68)     AC:  5    Str: 13    XL:     9   Next: 90%
MP:   12/12         EV: 12    Int: 14    God:
Gold: 794           SH:  0    Dex: 14    Spells: 11/12 levels left

rFire   . .          .
                       - Unarmed
rCold   . . .        (no shield)
rNeg    . . .        d - +0 leather armour
rPois   .            p - +0 helmet
rElec   .            (no cloak)
rCorr   .            m - +0 pair of gloves
SInv    .            (no boots)
Will    .....        z - amulet of magic regeneration
Stlth   ++           (no ring)
HPRegen 0.31/turn    (no ring)
MPRegen 0.53/turn

%: no passive effects
@: lightly drained
A: (nimble swimmer 2), mertail, subdued magic 1
a: no special abilities


You were on level 7 of the Dungeon.
You visited 2 branches of the dungeon, and saw 8 of its levels.
You also visited: Ossuary.

You collected 794 gold pieces.

Inventory:

Armour
 a - a +0 robe
 d - a +0 leather armour (worn)
 m - a +0 pair of gloves (worn)
 p - a +0 helmet (worn)
Jewellery
 z - an amulet of magic regeneration (around neck)
 A - a ring of flight
Talismans
 x - a maw talisman
Wands
 f - a wand of flame (18)
Scrolls
 c - 2 scrolls of enchant weapon {unknown}
 e - a scroll of brand weapon {unknown}
 g - a scroll of enchant armour {unknown}
 i - 3 scrolls of teleportation {unknown}
 j - a scroll of poison {unknown}
 k - 2 scrolls of blinking {unknown}
 l - a scroll of fog {unknown}
 n - 2 scrolls of torment
 o - a scroll of fear {unknown}
 r - 3 scrolls of silence {unknown}
 s - a scroll of amnesia
 u - a scroll of revelation
 v - a scroll of vulnerability
 w - 2 scrolls of identify
 y - a scroll of immolation {unknown}
Potions
 b - a potion of magic
 h - 2 potions of brilliance
 q - a potion of attraction
 t - 4 potions of curing
 B - a potion of resistance {unknown}
 C - a potion of haste


   Skills:
 - Level 5.0 Fighting
 - Level 2.6 Dodging
 - Level 2.1 Stealth
 - Level 11.2 Unarmed Combat
 - Level 2.0 Spellcasting
 - Level 0.7 Conjurations
 - Level 2.4 Air Magic
 + Level 8.5 Shapeshifting


You had 11 spell levels left.
You knew the following spells:

 Your Spells              Type           Power      Damage    Failure   Level
a - Shock                 Conj/Air       16%        1d4       13%         1

Your spell library contained the following spells:

 Spells                   Type           Power      Damage    Failure   Level
 Static Discharge         Conj/Air       8%         3-4/arc   21%         2
 Swiftness                Air            6%         N/A       30%         3
 Frozen Ramparts          Ice            2%         1d1       61%         3
 Fugue of the Fallen      Necr           1%         N/A       61%         3
 Ozocubu's Armour         Ice            1%         N/A       61%         3
 Airstrike                Air            3%         2d(1-17)  71%         4
 Leda's Liquefaction      Alch/Erth      0%         N/A       95%         4
 Manifold Assault         Tloc           1%         N/A       95%         4
 Petrify                  Alch/Erth      1%         N/A       95%         4
 Metabolic Englaciation   Hex/Ice        0%         N/A       100%        5
 Sculpt Simulacrum        Ice/Alch       0%         N/A       100%        6


Dungeon Overview and Level Annotations

Branches:
Dungeon (7/15)             Temple (1/1) D:4         Ossuary (visited)

Altars:
Ashenzari
Cheibriados
Dithmenos
Elyvilon
Hepliaklqana
Kikubaaqudgha
Makhleb
Okawaru
Qazlal
Sif Muna
Uskayaw
Wu Jian
Xom
Yredelemnul
Zin
The Shining One

Portals:
Bailey: D:7


Innate Abilities, Weirdness & Mutations

((You are very nimble when in or above water. (Stealth+, EV+, Speed+++)))
Your lower body shifts to a powerful aquatic tail in water.
Your spells are a little easier to cast, but a little less powerful.


Message History

You barely miss the howler monkey.
The howler monkey hoots and howls with incredible vigour!
You barely miss the howler monkey.
The howler monkey hoots and howls with incredible vigour!
You hear a shout!
You punch the howler monkey!
The howler monkey is heavily wounded.
The howler monkey barely misses you.
You barely miss the howler monkey.
The howler monkey is heavily wounded.
The howler monkey closely misses you.
You hit the howler monkey.
The howler monkey is heavily wounded.
The howler monkey hits you.
You punch the howler monkey!
You kill the howler monkey!
You punch the orc!
You kill the orc!
No target in view!
No target in view!
An ice beast comes into view.
A sky beast comes into view.
A cyclops comes into view.
The cyclops shouts!
You hear a shout!
The cyclops throws a large rock.
The large rock hits you!!!
Ouch! That really hurt!
* * * LOW HITPOINT WARNING * * *
You hear a shout!
A gnoll bouda and 2 gnolls come into view.
The gnoll bouda shouts!
The gnoll shouts!
A gnoll comes into view. It is wielding a +0 club.
The gnoll bouda barks out a call to the hunt!
The gnolls pick up the pace!
You hear a shout!
The sky beast flickers out of sight!
Deactivating autopickup; reactivate with Ctrl-A.
Something hits you.
* * * LOW HITPOINT WARNING * * *
Something shocks you.
You die...

.........#
...#.#z## . #
#.####
#....#####
#.........
...#####.....###
#.Y.........#
#.####......#
####.@....#
#....######
#g#### ... #g#g#
..8....
8g....8..
.....g.... ###
.......... ...


You could see a wight (wandering) and a gnoll (swift).

Vanquished Creatures
  The ghost of turdburglar the Changeling, a novice MfSh of Fedhas (D:6)
  A water moccasin (D:5)
  An ice beast (D:5)
  A sky beast (D:6)
  A black bear (D:4)
  An ogre (D:5)
  A phantom (D:4)
  A kobold brigand (D:6)
  2 bullfrogs (D:7)
  3 elf zombies (Ossuary)
  4 scorpions
  3 gnoll sergeants (D:6)
  4 howler monkeys
  A centaur zombie (Ossuary)
  5 bombardier beetles (D:5)
  An orc priest (D:4)
  4 gnoll boudas
  8 hounds (D:6)
  4 jellies
  A human zombie (Ossuary)
  3 sleepcaps
  An iguana (D:4)
  An orc wizard (D:5)
  9 hound zombies (Ossuary)
  2 mummies (Ossuary)
  15 gnolls
  3 adders
  2 white imps
  4 adder zombies (Ossuary)
  A dart slug (D:1)
  A ribbon worm (D:2)
  11 orcs
  6 bats
  6 endoplasms
  3 giant cockroaches
  11 goblins
  11 hobgoblins
  6 jackals
  5 quokkas
  3 ball pythons
  5 frilled lizards
  6 gnoll zombies (Ossuary)
  5 jackal zombies (Ossuary)
  11 kobolds
  3 kobold zombies (Ossuary)
  5 orc zombies (Ossuary)
  7 rats
  A spectral hobgoblin (D:5)
195 creatures vanquished.

Notes
Turn   | Place    | Note
-------+----------+-------------------------------------------
     0 | D:1      | SnakkuSnakku7 the Merfolk Air Elementalist began the quest
                  | for the Orb.
     0 | D:1      | Reached XP level 1. HP: 13/13 MP: 3/3
   133 | D:1      | Reached skill level 1 in Fighting
   133 | D:1      | Reached skill level 1 in Unarmed Combat
   133 | D:1      | Reached XP level 2. HP: 6/21 MP: 1/5
   258 | D:1      | Found a faded altar of an unknown god.
   521 | D:1      | Reached XP level 3. HP: 19/27 MP: 2/6
   668 | D:1      | Reached skill level 2 in Unarmed Combat
  1545 | D:2      | Reached XP level 4. HP: 34/34 MP: 7/7
  1821 | D:3      | Reached skill level 3 in Unarmed Combat
  1884 | D:3      | Reached XP level 5. HP: 36/41 MP: 8/8
  1993 | D:3      | You fall into a shaft and drop 1 floor!
  2258 | D:4      | Found an iron altar of Okawaru.
  2706 | D:4      | Reached skill level 4 in Unarmed Combat
  2723 | D:4      | Reached XP level 6. HP: 45/48 MP: 9/9
  2742 | D:4      | Found a staircase to the Ecumenical Temple.
  2754 | Temple   | Entered the Ecumenical Temple
  3109 | D:5      | Entered Level 5 of the Dungeon
  3457 | D:5      | Gained mutation: Your spells are a little easier to cast,
                  | but a little less powerful. [potion of mutation]
  3643 | D:4      | Reached skill level 5 in Unarmed Combat
  3827 | D:4      | Reached skill level 5 in Fighting
  3827 | D:4      | Reached XP level 7. HP: 54/56 MP: 10/10
  3942 | D:5      | Found a hazy altar of Hepliaklqana.
  3964 | D:5      | Found a shadowy altar of Dithmenos.
  4019 | D:5      | Reached skill level 6 in Unarmed Combat
  4383 | D:5      | Found a snail-covered altar of Cheibriados.
  4759 | D:5      | Reached skill level 7 in Unarmed Combat
  5004 | D:4      | Reached skill level 8 in Unarmed Combat
  5004 | D:4      | Reached XP level 8. HP: 35/62 MP: 11/11
  5238 | D:5      | Reached skill level 9 in Unarmed Combat
  5406 | D:6      | Noticed turdburglar's ghost (novice MfSh)
  5406 | D:6      | Found a sand-covered staircase.
  5419 | Ossuary  | Entered an ossuary
  5692 | Ossuary  | Reached skill level 10 in Unarmed Combat
  5851 | Ossuary  | HP: 2/62 [mummy (17)]
  6031 | D:6      | Reached XP level 9. HP: 57/68 MP: 12/12
  6132 | D:6      | Reached skill level 11 in Unarmed Combat
  6299 | D:6      | Reached skill level 1 in Shapeshifting
  6873 | D:6      | Reached skill level 5 in Shapeshifting
  7005 | D:6      | Found a runed translucent door.
  7217 | D:6      | Killed turdburglar's ghost
  7339 | D:7      | Found a flagged portal.
  7343 | D:7      | Noticed a troll
  7490 | D:7      | Noticed a cyclops
  7494 | D:7      | Slain by a sky beast

Illustrated notes

Levels and vault maps discovered:
D:1:      dpeg_arrival_connections, layout_rooms,
          shapermc_ecumenical_altar_mp_highgroup
D:2:      kennysheep_the_goblin_king, layout_rooms, feat_on_display
D:3:      layout_loops_ring
D:4:      layout_rooms, amcnicky_altar_gilded, minmay_temple_entry_slanted,
          serial_rivers, chequers_serial_rivers_large_b,
          chequers_serial_rivers_small_3, chequers_serial_rivers_large_a,
          chequers_serial_rivers_small_3
D:5:      minmay_polygon_palace, layout_basic,
          nicolae_dithmenos_through_a_glass_darkly,
          nicolae_hepliaklqana_monster_ancestors, slow_altar_2,
          dk_noncrumbling_3
D:6:      layout_cave_pools, enter_ossuary_1, serial_gnoll_camp,
          gnoll_camp_huts_basic, gnoll_camp_mini_house, gnoll_camp_mini_basic,
          gnoll_camp_mini_house, gnoll_camp_mini_loothouse,
          hellmonk_ghost_happy_afterlife
D:7:      layout_basic, mainiacjoe_overflow_cross_hatched, serial_shops,
          kennysheep_mini, enter_bailey_6, hangedman_minor_gate_pass
Temple:   minmay_temple_forest_path

Skill      XL: |  1  2  3  4  5  6  7  8  9 |
---------------+----------------------------+-----
Fighting       | 1 2 3 4 5 |  5.0
Unarmed Combat | 1 2 3 4 5 8 10 11 | 11.2
Shapeshifting  | 8 |  8.5
Dodging        | |  2.6
Stealth        | |  2.1
Spellcasting   | |  2.0
Conjurations   | |  0.7
Air Magic      | |  2.4

Action                     |  1- 3 |  4- 6 |  7- 9 || total
---------------------------+-------+-------+-------++-------
  Melee: Unarmed           |   132 |   180 |   516 ||   828
         Punch             |     1 |     8 |    32 ||    41
         Tailslap          |       |     4 |     4 ||     8
   Cast: Shock             |    45 |       |       ||    45
  Evoke: Wand              |       |    13 |    14 ||    27
    Use: Potion            |       |     3 |     4 ||     7
         Scroll            |       |       |     7 ||     7
   Stab: Sleeping          |     1 |     1 |     1 ||     3
         Paralysed         |       |       |    10 ||    10
 Armour: Robe              |    51 |       |       ||    51
         Leather armour    |    44 |   114 |   330 ||   488
  Dodge: Dodged            |   105 |   101 |   346 ||   552
